 Dungeon Crawl Stone Soup version 0.29.1-2-gbd0b4ee654 (webtiles) character file.

Game seed: 12596043025383450810

9 Ivernyr the Chiller (level 2, 0/20 HPs)
             Began as a Barachi Ice Elementalist on Nov 3, 2022.
             Slain by a jackal (1 damage)
             ... on level 1 of the Dungeon.
             The game lasted 00:00:45 (181 turns).

Ivernyr the Chiller (Barachi Ice Elementalist)       Turns: 181, Time: 00:00:45

Health: 0/20       AC:  2    Str:  9    XL:     2   Next: 12%
Magic:  1/5        EV: 12    Int: 15    God:
Gold:   34         SH:  0    Dex: 12    Spells: 4/5 levels left

rFire   . . .      SeeInvis .   (no weapon)
rCold   . . .      Faith    .   (no shield)
rNeg    . . .      Spirit   .   a - +0 robe
rPois   .          Reflect  .   (no helmet)
rElec   .          Harm     .   (no cloak)
rCorr   .          Rampage  .   (no gloves)
Will    .....                   (no boots)
Stlth   ++........              (no amulet)
HPRegen 0.06/turn               (no ring)
MPRegen 0.09/turn               (no ring)

@: slow
A: amphibious, slowness 1, strong legs 1, +LOS
a: Hop


You were on level 1 of the Dungeon.
You visited 1 branch of the dungeon, and saw 1 of its levels.

You collected 34 gold pieces.

Inventory:

Armour
 a - a +0 robe (worn)
Scrolls
 c - a scroll of blinking {unknown}
Potions
 b - a potion of magic


   Skills:
 + Level 0.6 Fighting
 - Level 2.1 Dodging
 + Level 2.0 Stealth
 + Level 2.3 Spellcasting
 * Level 5.0 Ice Magic


You had 4 spell levels left.
You knew the following spells:

 Your Spells              Type           Power      Damage    Failure   Level
a - Freeze                Ice            68%        1d8       2%          1

Your spell library contained the following spells:

 Spells                   Type           Power      Damage    Failure   Level
 Frozen Ramparts          Ice            34%        1d6       8%          3
 Ozocubu's Armour         Ice            17%        N/A       8%          3
 Hailstorm                Conj/Ice       9%         3d4       58%         4


Dungeon Overview and Level Annotations

Branches:
Dungeon (1/15)

Altars:


Innate Abilities, Weirdness & Mutations

You are amphibious.
You cover ground slowly.
You can hop short distances.
You have an extended range of vision and can be seen from far away.


Message History

Unknown command.
You hit the jackal but do no damage.
The jackal is almost dead.
The jackal barely misses you.
Casting: Freeze (safe; 2% risk of failure)
Confirm with . or Enter, or press ? or * to list all spells.
Aiming: Freeze (safe; 2% risk of failure)
Press: ? - help, Shift-Dir - straight line, f/p - jackal
Aim: a jackal (almost dead)
You freeze the jackal!
You kill the jackal!
The jackal misses you.
Your Stealth skill increases to level 2!
You completely miss the jackal. The jackal barely misses you.
You barely miss the jackal. The jackal misses you.
The jackal closely misses you.
You hit the jackal.
The jackal is moderately wounded.
The jackal misses you.
You hit the jackal but do no damage.
The jackal is moderately wounded.
The jackal bites you.
* * * LOW HITPOINT WARNING * * *
You barely miss the jackal.
The jackal is moderately wounded.
The jackal barely misses you. The jackal bites you.
* * * LOW HITPOINT WARNING * * *
You closely miss the jackal.
The jackal is moderately wounded.
The jackal misses you.
You closely miss the jackal.
The jackal is moderately wounded.
The jackal barely misses you. x2
You barely miss the jackal.
The jackal is moderately wounded.
The jackal closely misses you.
You closely miss the jackal.
The jackal is moderately wounded.
The jackal bites you.
You die...

## [.. .... #
..... #. .....#
.#### ......(
...
.).....###.#
#.......#.#####
#.>...)..Sh@..#
#.....#.#.###.#
#.... #.#.#
#.### #...
....# #...# ###
##.### #...#
... #...# ## ##
.... #...#
##.###.# .....
#..## #.#...#.
...... ##.#####
#8.⌠..#


You could see a jackal and a ball python.

Vanquished Creatures
  2 giant cockroaches (D:1)
  2 goblins (D:1)
  2 jackals (D:1)
  A bat (D:1)
7 creatures vanquished.

Notes
Turn   | Place    | Note
-------+----------+-------------------------------------------
     0 | D:1      | Ivernyr the Barachi Ice Elementalist began the quest for
                  | the Orb.
     0 | D:1      | Reached XP level 1. HP: 13/13 MP: 3/3
    97 | D:1      | Found a faded altar of an unknown god.
   140 | D:1      | Reached skill level 5 in Ice Magic
   154 | D:1      | Reached XP level 2. HP: 17/20 MP: 1/5
   177 | D:1      | HP: 1/20 [jackal (1)]
   181 | D:1      | Slain by a jackal

Illustrated notes

Levels and vault maps discovered:
D:1:      scummos_arrival_hexagon, layout_basic, shapermc_ecumenical_altar_venn,
          minmay_pentomino_u4

Skill      XL: |  1  2 |
---------------+-------+-----
Ice Magic      | 5 |  5.0
Stealth        | 2 |  2.0
Fighting       | |  0.6
Dodging        | |  2.1
Spellcasting   | |  2.3

Action                   || total
-------------------------++-------
Melee: Unarmed           ||    38
 Cast: Freeze            ||     9
Armor: Robe              ||     6
Dodge: Dodged            ||    43
